 Dungeon Sprint DCSS version 0.29-a0-1006-g0dd7720b37 (webtiles) character file.

Game seed: 10530472213753694725

1091 mhtbhm the Arsonist (level 8, -1/41 HPs)
             Began as a Deep Elf Fire Elementalist on Aug 7, 2022.
             Was a Priest of Vehumet.
             Slain by an air elemental (11 damage)
             ... while paralysed by an air elemental
             ... in the Dungeon (Sprint V: "Ziggurat Sprint").
             The game lasted 00:03:27 (310 turns).

mhtbhm the Arsonist (Deep Elf Fire Elementalist)     Turns: 310, Time: 00:03:27

Health: -1/41      AC:  7    Str:  5    XL:     8   Next: 9%
Magic:  21/24      EV:  2    Int: 35    God:    Vehumet [***...]
Gold:   0          SH:  0    Dex: 15    Spells: 15/28 levels left

rFire   + . .      SeeInvis .   A - +8 lance "Wyrmbane" {slay drac, rPois rF+ rC+ AC+3}
rCold   + . .      Faith    .   (no shield)
rNeg    . . .      Spirit   .   a - +2 robe {Archmagi}
rPois   +          Reflect  .   (no helmet)
rElec   .          Harm     .   (no cloak)
rCorr   .          Rampage  .   (no gloves)
Will    .....      Archmagi +   (no boots)
Stlth   +++....... NoTele   +   (no amulet)
HPRegen 0.13/turn               t - +6 ring of intelligence
MPRegen 0.19/turn               u - +6 ring of intelligence

@: paralysed
A: no striking features
a: Renounce Religion


You were in the Dungeon.
You worshipped Vehumet.
Vehumet was most pleased with you.
You visited 1 branch

Inventory:

Hand Weapons
 A - the +8 lance "Wyrmbane" (weapon) {slay drac, rPois rF+ rC+ AC+3}
   (You found it in the Dungeon)

   It inflicts extra damage against dragons and draconians.
   AC:        It affects your AC (+3).
   rF:        It protects you from fire.
   rC:        It protects you from cold.
   rPois:     It protects you from poison.
Armour
 a - a +2 robe of the Archmagi (worn)
Jewellery
 t - a +6 ring of intelligence (left hand)
 u - a +6 ring of intelligence (right hand)
Wands
 x - a wand of mindburst (7)
Scrolls
 g - 4 scrolls of blinking
 m - 4 scrolls of amnesia
 n - 6 scrolls of fog
 o - 5 scrolls of identify
 p - 2 scrolls of fear
Potions
 b - 8 potions of magic
 c - 10 potions of curing
 d - 5 potions of heal wounds
 e - 6 potions of haste
 f - 3 potions of berserk rage
 h - 2 potions of brilliance
 i - 2 potions of invisibility
 j - 4 potions of resistance
 k - a potion of experience
 l - 5 potions of might
Miscellaneous
 q - a box of beasts (inert)
 z - a lightning rod (4/4)


   Skills:
 + Level 7.8 Dodging
 + Level 6.5 Stealth
 + Level 10.8 Spellcasting
 + Level 4.2 Conjurations
 + Level 13.7 Fire Magic
 + Level 5.4 Evocations


You had 15 spell levels left.
You knew the following spells:

 Your Spells              Type           Power      Damage    Failure   Level
a - Foxfire               Conj/Fire      100%       2x1d9     1%          1
b - Scorch                Fire           100%       2d10      0%          2
c - Conjure Flame         Conj/Fire      89%        6-21      1%          3
d - Inner Flame           Hex/Fire       79%        N/A       1%          3
e - Flame Wave            Conj/Fire      89%        2d19      1%          4

Your spell library contained the following spells:

 Spells                   Type           Power      Damage    Failure   Level
 Shock                    Conj/Air       100%       1d9       1%          1
 Static Discharge         Conj/Air       50%        3-10/arc  1%          2
 Metabolic Englaciation   Hex/Ice        14%        N/A       54%         5


Dungeon Overview and Level Annotations

Branches:
Dungeon (1/1)

Altars:
Ashenzari
Cheibriados
Dithmenos
Elyvilon
Fedhas
Gozag
Hepliaklqana
Kikubaaqudgha
Makhleb
Nemelex Xobeh
Okawaru
Qazlal
Ru
Sif Muna
Trog
Uskayaw
Vehumet
Wu Jian
Xom
Yredelemnul
Zin
The Shining One
Jiyva
Lugonu

Annotations:
D 1 transporter


Message History

Unknown command.
Unknown command.
Okay, then.
You open the lid... ...and a juvenile batshock beast flies out!
The box is emptied!
The air elemental barely misses you. The air elemental hits you!
The air elemental barely misses you. The air elemental misses you.
Your juvenile oxsting beast misses the air elemental.
The air elemental closely misses you.
Unknown command.
Okay, then.
Okay, then.
Okay, then.
Okay, then.
Casting: Foxfire (safe; 1% risk of failure)
Confirm with . or Enter, or press ? or * to list all spells.
Okay, then.
Casting: Foxfire (safe; 1% risk of failure)
Confirm with . or Enter, or press ? or * to list all spells.
You feel a surge of power!
Flames lash the air elemental.
The air elemental is moderately damaged.
The air elemental's fire resistance burns away.
The air elemental completely misses you.
The air elemental fires a burst of electricity at you.
The stunning burst hits you but does no damage.
You suddenly lose the ability to move!
The air elemental hits your juvenile batshock beast but does no damage.
The air elemental hits you.
Your juvenile batshock beast completely misses the air elemental.
The air elemental fires a burst of electricity at you.
The stunning burst hits you!
* * * LOW HITPOINT WARNING * * *
The air elemental fires a burst of electricity at you.
The stunning burst hits the air elemental.
The air elemental completely resists.
The stunning burst hits you but does no damage.
Your juvenile oxsting beast stings the air elemental from afar.
The air elemental hits you!
You die...

▓..©..▓..©..▓▓▓▓▓▓▓
▓▓▓▓▓▓▓▓▓▓▓▓▓▓
▓..8©8...▓
▓..||E...▓
▓...EE...▓
▓........▓
..§E§§..▓
▓§▓EEHH▓.▓
▓.§§@§§..▓
▓▓▓▓▓▓▓▓▓▓


You could see 3 air elementals and 2 friendly mutant beasts.

Vanquished Creatures
  A mummy priest (D)
  2 water moccasins (D)
  A necrophage (D)
  A mummy (D)
  An adder (D)
  An adder skeleton (D)
  A bat skeleton (D)
  A ball python (D)
9 creatures vanquished.

Vanquished Creatures (collateral kills)
  An air elemental (D)
1 creature vanquished.

Vanquished Creatures (others)
  17 foxfires (D)
17 creatures vanquished.

Grand Total: 27 creatures vanquished

Notes
Turn   | Place    | Note
-------+----------+-------------------------------------------
     0 | D        | mhtbhm the Deep Elf Fire Elementalist began the quest for
                  | the Orb.
     0 | D        | Reached XP level 1. HP: 10/10 MP: 6/6
     0 | D        | Found a blossoming altar of Fedhas.
     0 | D        | Found the +6 Majin-Bo {vamp, MP+6 Int+6}
     0 | D        | Found the +9 heavy crossbow "Sniper" {vorpal, Acc+∞ SInv}
     0 | D        | Found the +10 dark maul {vorpal}
     0 | D        | Found the +15 Maxwell's patent armour {-Cast -Tele rElec
                  | Will+ rCorr}
     0 | D        | Found the +18 shield of the Gong {rElec rN+ Will+ EV-5}
     0 | D        | Found the +14 obsidian axe {vorpal, Mesm Drain Fly SInv}
     0 | D        | Found the +7 great mace "Firestarter" {inner flame, rF++}
     0 | D        | Found the +6 shillelagh "Devastator" {shatter}
     0 | D        | Found the +11 plutonium sword {Contam Stlth-}
     0 | D        | Found the +8 lance "Wyrmbane" {slay drac, rPois rF+ rC+
                  | AC+3}
     0 | D        | Found the +9 sword of Zonguldrok {reap}
     0 | D        | Found the +13 scythe of Curses {drain, Drain}
     0 | D        | Found the +5 sword of Power {vorpal}
     0 | D        | Found the +7 mace of Variability {chain chaos}
     0 | D        | Found the +7 Singing Sword {vorpal, sonic wave}
     0 | D        | Found the +8 storm bow {elec, penet}
     1 | D        | Found a shimmering blue altar of Sif Muna.
     1 | D        | Found a sacrificial altar of Ru.
     1 | D        | Found a bloodstained altar of Trog.
     1 | D        | Found a stormy altar of Qazlal.
     1 | D        | Found an iron altar of Okawaru.
     1 | D        | Found a sparkling altar of Nemelex Xobeh.
     3 | D        | Found a transporter.
     3 | D        | Found an ancient bone altar of Kikubaaqudgha.
     3 | D        | Found a viscous altar of Jiyva.
     3 | D        | Found a corrupted altar of Lugonu.
     3 | D        | Found a hazy altar of Hepliaklqana.
     3 | D        | Found a burning altar of Makhleb.
     3 | D        | Found an opulent altar of Gozag.
    42 | D        | Became a worshipper of Vehumet
    59 | D        | Entered arena 2.
    59 | D        | Noticed a mummy priest
    59 | D        | Found a transporter.
    66 | D        | Reached skill level 5 in Fire Magic
    66 | D        | Reached XP level 2. HP: 15/15 MP: 2/9
    74 | D        | Killed a mummy priest
    75 | D        | Reached skill level 5 in Stealth
    75 | D        | Reached skill level 12 in Fire Magic
    75 | D        | Reached XP level 3. HP: 16/19 MP: 3/16
    75 | D        | Reached XP level 4. HP: 20/24 MP: 3/17
    75 | D        | Reached XP level 5. HP: 23/28 MP: 3/19
    75 | D        | Reached XP level 6. HP: 27/32 MP: 3/20
    75 | D        | Reached XP level 7. HP: 30/36 MP: 3/22
   176 | D        | Learned a level 2 spell: Scorch
   180 | D        | Learned a level 3 spell: Conjure Flame
   184 | D        | Learned a level 3 spell: Inner Flame
   189 | D        | Learned a level 4 spell: Flame Wave
   191 | D        | Entered arena 3.
   191 | D        | Found a transporter.
   193 | D        | Reached * piety under Vehumet
   193 | D        | Offered knowledge of Shock by Vehumet.
   237 | D        | Entered arena 4.
   237 | D        | Found a transporter.
   240 | D        | Reached ** piety under Vehumet
   241 | D        | Reached skill level 10 in Spellcasting
   241 | D        | Reached skill level 13 in Fire Magic
   241 | D        | Reached skill level 5 in Evocations
   247 | D        | Got the Textbook on Stormy Frostbite
   294 | D        | Entered arena 5.
   294 | D        | Noticed an air elemental
   294 | D        | Noticed an air elemental
   294 | D        | Noticed an air elemental
   294 | D        | Noticed an air elemental
   294 | D        | Found a transporter.
   294 | D        | Paralysed by an air elemental for 1 turns
   299 | D        | Paralysed by an air elemental for 1 turns
   303 | D        | Paralysed by an air elemental for 1 turns
   303 | D        | Killed an air elemental
   303 | D        | Reached *** piety under Vehumet
   304 | D        | Reached XP level 8. HP: 12/41 MP: 22/24
   310 | D        | Paralysed by an air elemental for 1 turns
   310 | D        | Slain by an air elemental

Illustrated notes

Levels and vault maps discovered:
D:        sprint_v [room_start, room_1, room_2, room_3, room_4, room_5, room_6,
          room_7, room_8, room_9, room_10, room_11, room_12, room_13, room_14,
          room_15, room_16, room_17, room_18, room_19, room_20, room_21,
          room_22, room_23, room_24, room_25, room_26, room_27]

Skill      XL: |  1  2  3  4  5  6  7 |
---------------+----------------------+-----
Dodging        | 3 7 |  7.8
Spellcasting   | 4 9 10 | 10.8
Fire Magic     | 5 12 13 | 13.7
Stealth        | 5 6 |  6.5
Conjurations   | 3 4 |  4.2
Evocations     | 4 5 |  5.4

Action                   |  1- 3 |  4- 6 |  7- 9 || total
-------------------------+-------+-------+-------++-------
Melee: Lance             |       |       |     5 ||     5
 Cast: Foxfire           |     4 |       |     6 ||    10
       Flame Wave        |       |       |     2 ||     2
       Scorch            |       |       |     2 ||     2
Evoke: Wand              |     6 |       |     1 ||     7
       Lightning rod     |     3 |       |       ||     3
       Box of beasts     |       |       |     2 ||     2
  Use: Potion            |       |       |     5 ||     5
       Scroll            |       |       |     1 ||     1
Armor: Robe              |       |       |     7 ||     7
Dodge: Dodged            |     3 |       |    23 ||    26

Table legend: (Time is in decaauts)
 A = Elapsed time spent in this place.
 B = Non-inter-level travel time spent in this place.
 C = Inter-level travel time spent in this place.
 D = Time resting spent in this place.
 E = Time spent auto-exploring this place.
 F = Levels seen in this place.
 G = Mean time per level.
                   A        B        C        D        E       F      G
               +--------+--------+--------+--------+--------+-----+--------+
         Total |    313 |    313 |      0 |    150 |      0 |   1 |  313.0 |
       Dungeon |    313 |    313 |      0 |    150 |      0 |   1 |  313.0 |
               +--------+--------+--------+--------+--------+-----+--------+

Top non-repeatable levels by time:
       D: 313 daAuts
